General information
- name: BNet
- type: Ladder team game (AT/RT)
- host: Battle.net
- saver: GapInTheTooth
map: LostTemple
- players: 4
- length: 17:24
- speed: Fast
- version: 1.21 W3XP
- replay type: Public
» download(90 KB)
Players
team 1 (loser)
LAD[62]Hu. (
green | 84 APM | 1464 actions | 17:21)
5 Dreadlord
3 Sleep
2 Vampiric Aura
1 Death Knight
1 Death Coil
» actions
| Assign group hotkey | 73 | |
| Basic commands | 148 | |
| Build / train | 74 | |
| Enter build submenu | 12 | |
| Enter hero's abilities submenu | 6 | |
| Give item / drop item | 2 | |
| Remove unit from queue | 8 | |
| Right click | 538 | |
| Select / deselect | 318 | |
| Select group hotkey | 235 | |
| Use ability | 50 | |
1464 total
» units
| Acolyte | 4 | |
| Ghoul | 19 | |
| Crypt Fiend | 13 | |
| Obsidian Statue | 3 | |
39 total
» upgrades
| Creature Attack | 2 | |
| Creature Carapace | 2 | |
| Web | 1 | |
5 total
» buildings
| Crypt | 1 | |
| Ziggurat | 5 | |
| Altar of Darkness | 1 | |
| Tomb of Relics | 1 | |
| Nerubian Tower | 2 | |
| Halls of the Dead | 1 | |
| Graveyard | 1 | |
| Slaughterhouse | 1 | |
| Spirit Tower | 4 | |
| Black Citadel | 1 | |
18 total
» build order
00:04 Crypt
00:07 Ziggurat
00:10 Altar of Darkness
00:58 Tomb of Relics
01:25 Ziggurat
01:46 Nerubian Tower
04:03 Ziggurat
05:50 Halls of the Dead
06:20 Graveyard
08:54 Slaughterhouse
09:24 Ziggurat
12:40 Ziggurat
15:18 Spirit Tower
15:20 Spirit Tower
15:49 Black Citadel
16:29 Spirit Tower
16:41 Spirit Tower
» items
| Rod of Necromancy | 1 | |
| Dust of Appearance | 1 | |
| Potion of Healing | 2 | |
| Potion of Mana | 1 | |
| Scroll of Town Portal | 1 | |
6 total
Ny[40]Wang. (
blue | 145 APM | 2496 actions | 17:16)
4 Death Knight
2 Death Coil
2 Unholy Aura
3 Lich
2 Frost Nova
1 Frost Armor
» actions
| Assign group hotkey | 602 | |
| Basic commands | 83 | |
| Build / train | 71 | |
| ESC pressed | 4 | |
| Enter build submenu | 16 | |
| Enter hero's abilities submenu | 7 | |
| Give item / drop item | 4 | |
| Right click | 916 | |
| Select / deselect | 250 | |
| Select group hotkey | 462 | |
| Use ability | 81 | |
2496 total
» units
| Acolyte | 5 | |
| Ghoul | 20 | |
| Abomination | 8 | |
33 total
» upgrades
| Unholy Strength | 1 | |
| Unholy Armor | 1 | |
2 total
» buildings
| Altar of Darkness | 1 | |
| Crypt | 1 | |
| Ziggurat | 5 | |
| Tomb of Relics | 1 | |
| Nerubian Tower | 2 | |
| Halls of the Dead | 3 | |
| Graveyard | 1 | |
| Slaughterhouse | 2 | |
| Black Citadel | 3 | |
19 total
» build order
00:11 Altar of Darkness
00:15 Crypt
00:18 Ziggurat
01:04 Ziggurat
01:32 Tomb of Relics
02:08 Nerubian Tower
02:09 Nerubian Tower
03:37 Halls of the Dead
03:38 Halls of the Dead
03:38 Halls of the Dead
06:03 Graveyard
06:08 Ziggurat
07:43 Slaughterhouse
08:59 Black Citadel
08:59 Black Citadel
09:47 Slaughterhouse
09:50 Ziggurat
10:54 Ziggurat
» items
| Rod of Necromancy | 2 | |
| Scroll of Healing | 2 | |
| Scroll of Town Portal | 2 | |
| Potion of Lesser Invulnerability | 1 | |
| Scroll of Protection | 1 | |
| Potion of Healing | 4 | |
| Potion of Mana | 4 | |
16 total
team 2 (winner)
GapInTheTooth (
purple | 66 APM | 1155 actions | 17:24)
6 Tauren Chieftain
3 Endurance Aura
2 Shockwave
1 Reincarnation
» actions
| Assign group hotkey | 16 | |
| Basic commands | 189 | |
| Build / train | 52 | |
| ESC pressed | 13 | |
| Enter build submenu | 24 | |
| Enter hero's abilities submenu | 7 | |
| Remove unit from queue | 4 | |
| Right click | 436 | |
| Select / deselect | 204 | |
| Select group hotkey | 156 | |
| Use ability | 54 | |
1155 total
» units
| Peon | 10 | |
| Grunt | 13 | |
| Goblin Shredder | 1 | |
| Shaman | 2 | |
| Troll Witch Doctor | 2 | |
28 total
» upgrades
| Melee Weapons | 2 | |
| Armor | 1 | |
| Berserker Strength | 1 | |
| Shaman Training | 2 | |
| Witch Doctor Training | 2 | |
| Reinforced Defenses | 1 | |
| Pillage | 1 | |
10 total
» buildings
| Altar of Storms | 1 | |
| Orc Burrow | 5 | |
| Barracks | 1 | |
| War Mill | 1 | |
| Stronghold | 1 | |
| Watch Tower | 15 | |
| Fortress | 1 | |
| Spirit Lodge | 1 | |
| Great Hall | 1 | |
27 total
» build order
00:08 Altar of Storms
00:11 Orc Burrow
00:42 Barracks
01:26 Orc Burrow
02:28 War Mill
03:25 Orc Burrow
04:23 Stronghold
04:26 Watch Tower
04:29 Watch Tower
06:02 Watch Tower
06:05 Watch Tower
06:06 Watch Tower
06:11 Orc Burrow
06:50 Fortress
07:07 Spirit Lodge
08:16 Watch Tower
09:13 Watch Tower
09:13 Watch Tower
09:58 Watch Tower
10:00 Watch Tower
11:51 Watch Tower
11:55 Watch Tower
12:58 Watch Tower
12:59 Watch Tower
13:17 Orc Burrow
15:26 Great Hall
15:30 Watch Tower
» items
kairos (
pink | 40 APM | 701 actions | 17:22)
6 Demon Hunter
3 Evasion
3 Immolation
4 Priestess of the Moon
2 Trueshot Aura
2 Searing Arrows
» actions
| Assign group hotkey | 20 | |
| Basic commands | 94 | |
| Build / train | 70 | |
| Enter build submenu | 18 | |
| Enter hero's abilities submenu | 11 | |
| Remove unit from queue | 1 | |
| Right click | 154 | |
| Select / deselect | 217 | |
| Select group hotkey | 79 | |
| Use ability | 36 | |
701 total
» units
» upgrades
| Improved Bows | 1 | |
| Strength of the Moon | 3 | |
| Upgrade Moon Glaive | 1 | |
| Marksmanship | 1 | |
| Moon Armor | 1 | |
7 total
» buildings
| Altar of Elders | 1 | |
| Moon Well | 7 | |
| Ancient of War | 7 | |
| Hunter's Hall | 1 | |
| Ancient Protector | 1 | |
| Tree of Ages | 1 | |
| Tree of Life | 1 | |
| Tree of Eternity | 1 | |
20 total
» build order
00:17 Altar of Elders
00:31 Moon Well
00:47 Ancient of War
01:41 Moon Well
02:10 Ancient of War
02:21 Moon Well
04:09 Hunter's Hall
04:25 Ancient of War
04:41 Ancient of War
04:43 Ancient of War
04:50 Ancient of War
05:08 Ancient of War
05:16 Ancient Protector
05:59 Tree of Ages
07:14 Moon Well
08:15 Tree of Life
09:52 Tree of Eternity
10:29 Moon Well
11:29 Moon Well
12:57 Moon Well
Chat log
(00:11 / All) kairos: SUP BITCHES
(17:08 / All) kairos: gg nubs
(17:17 / Allies) GapInTheTooth: \manner up
(17:21 / All) LAD[62]Hu.: GG SCRUBS